 Dungeon Crawl Stone Soup version 0.21.1-1-g345015f (webtiles) character file.

14047 JeffiDaFish the Geomancer (level 12, -12/71 HPs)
             Began as a Gargoyle Earth Elementalist on Feb 7, 2018.
             Was a Priest of Vehumet.
             Mangled by a komodo dragon (24 damage)
             ... on level 2 of the Lair of Beasts.
             The game lasted 00:41:49 (13022 turns).

JeffiDaFish the Geomancer (GrEE)                   Turns: 13022, Time: 00:41:50

Health: -12/71     AC: 12    Str: 13    XL:     12   Next: 12%
Magic:  9/26       EV: 14    Int: 23    God:    Vehumet [***...]
Gold:   80         SH:  0    Dex: 10    Spells: 17/31 levels left

rFire    . . .     SeeInvis +   z - +3 mace (protect)
rCold    . . .     Gourm    .   (no shield)
rNeg     + . .     Faith    .   c - +0 robe
rPois    ∞         Spirit   .   f - +0 helmet
rElec    +         Reflect  .   g - +0 cloak
rCorr    .         Harm     .   (no gloves)
MR       .....     Clarity  +   (no boots)
Stlth    ++........             p - amulet of magic regeneration
HPRegen  0.21/turn              m - +3 ring of intelligence
MPRegen  0.45/turn              h - ring of see invisible

@: about to teleport
A: blurry vision 1, clarity, deformed body, negative energy resistance 1,
electricity resistance, unbreathing, petrification resistance, rot immunity, AC
+8
a: Renounce Religion


You were on level 2 of the Lair of Beasts.
You worshipped Vehumet.
Vehumet was most pleased with you.
You were not hungry.

You visited 3 branches of the dungeon, and saw 11 of its levels.

You collected 488 gold pieces.
You spent 408 gold pieces at shops.

Inventory:

Hand Weapons
 s - a +1 whip of venom
 z - a +3 mace of protection (weapon)
Missiles
 b - 5 stones (quivered)
Armour
 c - a +0 robe (worn)
 f - a +0 helmet (worn)
 g - a +0 cloak (worn)
Jewellery
 h - a ring of see invisible (right hand)
 m - a +3 ring of intelligence (left hand)
 p - an amulet of magic regeneration (around neck)
 y - an uncursed amulet of regeneration
Wands
 t - a wand of iceblast (6)
Scrolls
 a - a scroll of fog
 i - a scroll of amnesia
 l - 2 scrolls of magic mapping
 n - 4 scrolls of teleportation
 q - a scroll of fear
 u - 2 scrolls of remove curse
 v - a scroll of identify
 x - 2 scrolls of blinking
 A - 3 scrolls of enchant armour
Potions
 k - a potion of curing
 r - a potion of agility
 w - a potion of haste
 B - a potion of mutation
Books
 e - a book of Geomancy

   Spells                             Type                      Level
   a - Sandblast                      Earth                        1
   b - Passwall                       Transmutation/Earth          2
   c - Stone Arrow                    Conjuration/Earth            3
   d - Petrify                        Transmutation/Earth          4
   e - Lee's Rapid Deconstruction     Earth                        5
 j - a book of Minor Magic

   Spells                             Type                      Level
   a - Magic Dart                     Conjuration                  1
   b - Blink                          Translocation                2
   c - Call Imp                       Summoning                    2
   d - Slow                           Hexes                        2
   e - Conjure Flame                  Conjuration/Fire             3
   f - Mephitic Cloud                 Conjuration/Poison/Air       3
Comestibles
 d - 24 rations
 o - a chunk of flesh


   Skills:
 * Level 6.5 Fighting
 - Level 6.1 Maces & Flails
 - Level 5.0 Armour
 + Level 6.3 Dodging
 - Level 2.3 Stealth
 * Level 10.1 Spellcasting
 - Level 5.5 Conjurations
   Level 0.7 Transmutations
 + Level 10.9 Earth Magic


You had 17 spell levels left.
You knew the following spells:

 Your Spells              Type           Power        Failure   Level  Hunger
a - Sandblast             Erth           ######       1%          1    None
b - Stone Arrow           Conj/Erth      #####.       1%          3    None
c - Blink                 Tloc           N/A          9%          2    None
d - Lee's Rapid Deconstr  Erth           ######....   1%          5    ####...
e - Mephitic Cloud        Conj/Pois/Air  ###.....     2%          3    None


Dungeon Overview and Level Annotations

Branches:
Dungeon (8/15)             Temple (1/1) D:7            Lair (2/6) D:8
  Swamp: Lair:2-4    Shoals: Lair:2-4     Snake: Lair:2-4    Spider: Lair:2-4

Altars:
Ashenzari
Dithmenos
Fedhas
Hepliaklqana
Kikubaaqudgha
Qazlal
Uskayaw
Vehumet
Xom
Yredelemnul
Zin
The Shining One

Shops:
D:8 ?


Innate Abilities, Weirdness & Mutations

You are resistant to torment.
Your stone body is resilient. (AC +8)
You are immune to poison.
You resist negative energy. (rN+)
You are resistant to electric shocks. (rElec)
You can survive without breathing.
You are immune to petrification.
You are immune to rotting.
Scrolls take you a little longer to read.
You possess an exceptional clarity of mind.
Armour fits poorly on your strangely shaped body.


Message History

Aim: a komodo dragon (heavily wounded)
The stone arrow hits the komodo dragon.
The komodo dragon is almost dead.
Casting: Stone Arrow
Confirm with . or Enter, or press ? or * to list all spells.
Aiming: Stone Arrow
Press: ? - help, Shift-Dir - straight line, f/p - komodo dragon
Aim: a komodo dragon (almost dead)
The stone arrow misses the komodo dragon.
Casting: Stone Arrow
Confirm with . or Enter, or press ? or * to list all spells.
Aiming: Sandblast
Press: ? - help, Shift-Dir - straight line, f/p - komodo dragon
Aim: a komodo dragon (almost dead)
The blast of sand misses the komodo dragon.
b - 5 stones The spiny frog stings you!
* * * LOW HITPOINT WARNING * * *
The komodo dragon bites you!!
You die...

## #####
#..###P##.#P##
#............#
#.......F@...#
#........l...#
##............#
#.............#
..###............#
#...............#
.#.....####.†#P##
##..### #..#### #.
###..#


You could see a komodo dragon and a spiny frog.

Vanquished Creatures
  A hydra (Lair:1)
  A two-headed ogre (D:8)
  A queen ant (D:8)
  Nergalle (Lair:2)
  The ghost of gowby the Carver, a novice HOSk of Okawaru (D:7)
  3 black mambas
  2 spiny frogs
  A komodo dragon (Lair:2)
  A hornet (D:8)
  9 blink frogs
  Sigmund (D:3)
  8 yaks (Lair:1)
  2 hungry ghosts
  Menkaure (D:4)
  7 soldier ants (D:8)
  4 porcupines
  2 phantoms
  2 orc warriors
  2 black bears (D:8)
  4 ogres
  3 centaurs
  5 wolves (Lair:1)
  6 crocodiles
  A big kobold (D:7)
  5 bullfrogs
  A water moccasin skeleton (D:8)
  3 scorpions
  3 killer bees (D:8)
  A bullfrog zombie (D:5)
  A centaur zombie (D:6)
  2 bullfrog skeletons
  A quasit (D:8)
  5 hounds
  7 orc priests
  4 orc wizards
  A gnoll shaman (D:5)
  Ijyb (D:3)
  29 worker ants
  A killer bee zombie (D:5)
  A hound zombie (D:5)
  A hound skeleton (D:4)
  Robin (D:3)
  11 gnolls
  A howler monkey zombie (D:7)
  8 adders
  An ooze (D:3)
  2 adder zombies (D:7)
  An adder skeleton (D:4)
  3 worms
  8 leopard geckos
  22 orcs
  6 giant cockroaches
  7 hobgoblins
  14 jackals
  7 kobolds
  4 quokkas
  3 ball pythons
  8 bats
  4 frilled lizards
  7 goblins
  2 quokka skeletons
  A quokka zombie (D:7)
  6 rats
  A plant (D:2)
264 creatures vanquished.

Vanquished Creatures (collateral kills)
  A worker ant (D:8)
1 creature vanquished.

Vanquished Creatures (others)
  A goblin (D:2)
  A bush (Lair:2)
  9 fungi
  6 plants
17 creatures vanquished.

Grand Total: 282 creatures vanquished

Notes
Turn   | Place    | Note
-------+----------+-------------------------------------------
     0 | D:1      | JeffiDaFish the Gargoyle Earth Elementalist began the quest for the Orb.
     0 | D:1      | Reached XP level 1. HP: 10/10 MP: 3/3
   199 | D:1      | Reached XP level 2. HP: 15/15 MP: 1/5
  1450 | D:2      | Reached XP level 3. HP: 19/19 MP: 4/6
  1460 | D:2      | Learned a level 3 spell: Stone Arrow
  1788 | D:2      | Found a shadowy altar of Dithmenos.
  2548 | D:3      | Reached skill level 5 in Earth Magic
  2548 | D:3      | Reached XP level 4. HP: 18/24 MP: 6/8
  2649 | D:3      | Reached XP level 5. HP: 28/28 MP: 4/10
  2685 | D:3      | Learned a level 2 spell: Blink
  3174 | D:3      | Reached XP level 6. HP: 32/32 MP: 9/12
  3397 | D:3      | Noticed Robin
  3410 | D:3      | Killed Robin
  3446 | D:3      | Noticed Sigmund
  3902 | D:3      | Learned a level 5 spell: Lee's Rapid Deconstruction
  3944 | D:3      | Killed Sigmund
  3944 | D:3      | Reached skill level 1 in Maces & Flails
  3944 | D:3      | Reached skill level 1 in Conjurations
  4196 | D:3      | Noticed Ijyb
  4205 | D:3      | Killed Ijyb
  4205 | D:3      | Reached XP level 7. HP: 24/36 MP: 1/13
  4713 | D:4      | Noticed Menkaure
  4720 | D:4      | Killed Menkaure
  4720 | D:4      | Reached skill level 5 in Spellcasting
  5030 | D:4      | Reached XP level 8. HP: 41/41 MP: 7/15
  5094 | D:4      | Gained mutation: Scrolls take you a little longer to read. [potion of mutation]
  5094 | D:4      | Gained mutation: Armour fits poorly on your strangely shaped body. [potion of mutation]
  5094 | D:4      | Gained mutation: You possess an exceptional clarity of mind. [potion of mutation]
  5595 | D:5      | Entered Level 5 of the Dungeon
  5775 | D:5      | Learned a level 3 spell: Mephitic Cloud
  5936 | D:5      | Found a blossoming altar of Fedhas.
  6075 | D:5      | Found a glowing golden altar of the Shining One.
  6540 | D:6      | Reached XP level 9. HP: 45/45 MP: 18/18
  7482 | D:7      | Reached skill level 5 in Conjurations
  7520 | D:7      | Noticed gowby's ghost (novice HOSk)
  7544 | D:7      | Killed gowby's ghost
  7590 | D:7      | Found a stormy altar of Qazlal.
  7688 | D:7      | Found a staircase to the Ecumenical Temple.
  7697 | Temple   | Entered the Ecumenical Temple
  7707 | Temple   | Became a worshipper of Vehumet
  8299 | D:7      | Reached skill level 5 in Maces & Flails
  9111 | D:8      | Reached skill level 1 in Armour
  9115 | D:8      | Reached XP level 10. HP: 34/50 MP: 15/20
  9176 | D:8      | Reached * piety under Vehumet
  9176 | D:8      | Offered knowledge of Freeze by Vehumet.
  9412 | D:8      | Noticed a queen ant
  9772 | D:7      | Reached skill level 5 in Dodging
  9967 | D:8      | Killed a queen ant
 10188 | D:8      | Found a shattered altar of Ashenzari.
 10320 | D:8      | Noticed a two-headed ogre
 10323 | D:8      | Found Zacom's Magic Scroll Emporium.
 10344 | D:8      | Killed a two-headed ogre
 10697 | D:8      | Offered knowledge of Sting by Vehumet.
 10719 | D:8      | Reached ** piety under Vehumet
 10757 | D:8      | Reached XP level 11. HP: 55/55 MP: 17/23
 10815 | D:8      | Found a glowing golden altar of the Shining One.
 10860 | D:8      | Reached skill level 1 in Fighting
 10965 | D:8      | Found a staircase to the Lair.
 10995 | D:8      | Bought 2 scrolls of enchant armour for 240 gold pieces
 10995 | D:8      | Bought a scroll of teleportation for 48 gold pieces
 10995 | D:8      | Bought a scroll of enchant armour for 120 gold pieces
 11085 | D:8      | Reached skill level 10 in Earth Magic
 11290 | Lair:1   | Entered Level 1 of the Lair of Beasts
 11525 | Lair:1   | Noticed a five-headed hydra
 11533 | Lair:1   | Killed a five-headed hydra
 11943 | Lair:1   | Reached skill level 5 in Armour
 12301 | Lair:1   | Reached skill level 5 in Fighting
 12304 | Lair:1   | Offered knowledge of Dazzling Spray by Vehumet.
 12758 | Lair:2   | Reached *** piety under Vehumet
 12807 | Lair:2   | Noticed Nergalle
 12825 | Lair:2   | Reached skill level 10 in Spellcasting
 12825 | Lair:2   | Reached XP level 12. HP: 39/70 MP: 10/26
 12960 | Lair:2   | Killed Nergalle
 13022 | Lair:2   | Mangled by a komodo dragon

Skill      XL: |  1  2  3  4  5  6  7  8  9 10 11 |
---------------+----------------------------------+-----
Earth Magic    | 4 5 6 7 8 9 10 | 10.9
Spellcasting   | 3 4 5 6 7 8 10 | 10.1
Maces & Flails | 1 2 4 5 6 |  6.1
Conjurations   | 1 3 4 5 |  5.5
Dodging        | 2 4 5 6 |  6.3
Armour         | 1 3 5 |  5.0
Fighting       | 6 |  6.5
Stealth        | |  2.3
Transmutations | |  0.7

Action                   |  1- 3 |  4- 6 |  7- 9 | 10-12 || total
-------------------------+-------+-------+-------+-------++-------
Melee: Mace              |    91 |    43 |   178 |   117 ||   429
       Whip              |       |       |     4 |       ||     4
 Cast: Sandblast         |    37 |    41 |    85 |   127 ||   290
       Stone Arrow       |     3 |     2 |    17 |    60 ||    82
       Lee's Rapid Decon |       |     1 |    15 |    25 ||    41
       Blink             |       |       |     2 |    12 ||    14
       Mephitic Cloud    |       |       |       |     6 ||     6
  Use: Scroll            |     6 |     5 |     7 |     3 ||    21
       Potion            |     2 |     2 |     6 |     3 ||    13
 Stab: Confused          |       |       |       |     1 ||     1
       Sleeping          |       |       |       |     1 ||     1
  Eat: Chunk             |     5 |     4 |    14 |    14 ||    37
       Ration            |       |     1 |     2 |     1 ||     4
Armor: Robe              |    39 |    33 |    90 |    70 ||   232
       Ring mail         |       |       |       |    12 ||    12
Dodge: Dodged            |    69 |    26 |   167 |   153 ||   415
